 Dungeon Crawl Stone Soup version 0.31-a0-1354-g0f3f92e (webtiles) character file.

Game seed: 769710988407491656

23 danspanner the Conjurer (level 2, -5/17 HPs)
             Began as an Octopode Conjurer on Dec 22, 2023.
             Slain by a gnoll
             ... wielding a +0 spear
              (8 damage)
             ... on level 1 of the Dungeon.
             The game lasted 00:02:53 (854 turns).

danspanner the Conjurer (Octopode Conjurer)          Turns: 854, Time: 00:02:54

Health: -5/17      AC:  1    Str:  6    XL:     2   Next: 95%
Magic:  3/5        EV: 13    Int: 20    God:
Gold:   42         SH:  0    Dex: 10    Spells: 2/5 levels left

rFire   . . .        b - +0 dagger
rCold   . . .        (no shield)
rNeg    . . .        (helmet restricted)
rPois   .            (no amulet)
rElec   .            (no ring)
rCorr   .            (no ring)
SInv    .            (no ring)
Will    .....        (no ring)
Stlth   +++          (no ring)
HPRegen 0.22/turn    (no ring)
MPRegen 0.09/turn    (no ring)
                     (no ring)

%: no passive effects
@: no status effects
A: almost no armour, amphibious, 8 rings, camouflage 1, gelatinous body 1,
(nimble swimmer 1), tentacles
a: no special abilities


You were on level 1 of the Dungeon.
You visited 1 branch of the dungeon, and saw 2 of its levels.

You collected 42 gold pieces.

Inventory:

Hand Weapons
 b - a +0 dagger (weapon)
Jewellery
 h - a ring of flight
Scrolls
 c - a scroll of poison {unknown}
 g - a scroll of vulnerability {unknown}
Potions
 a - a potion of magic
 d - a potion of mutation {unknown}
 e - a potion of berserk rage {unknown}
 f - a potion of curing {unknown}


   Skills:
 + Level 2.3 Dodging
 + Level 3.3 Stealth
 + Level 2.3 Spellcasting
 + Level 4.2 Conjurations


You had 2 spell levels left.
You knew the following spells:

 Your Spells              Type           Power      Damage    Failure   Level
a - Magic Dart            Conj           76%        1d6       2%          1
b - Searing Ray           Conj           38%        2d5       4%          2

Your spell library contained the following spells:

 Spells                   Type           Power      Damage    Failure   Level
 Fulminant Prism          Conj/Alch      5%         3d7       54%         4
 Iskenderun's Mystic Bla  Conj/Tloc      10%        2d4       54%         4


Dungeon Overview and Level Annotations

Branches:
Dungeon (2/15)

Altars:


Innate Abilities, Weirdness & Mutations

You cannot wear most types of armour.
You are amphibious.
You can wear up to eight rings at the same time.
Your skin changes colour to match your surroundings (Stealth+).
Your rubbery body absorbs attacks. (AC +1, EV +1)
((You are camouflaged when in or above water. (Stealth+)))
You have tentacles for arms and can constrict up to eight enemies at once.


Message History

The jackal barks!
The endoplasm freezes you.
You are frozen.
You climb upwards.
There is a stone staircase leading down here.
An endoplasm is nearby!
You hit the endoplasm but do no damage. Your squeeze misses the endoplasm.
The endoplasm closely misses you.
You hit the endoplasm.
The endoplasm is heavily wounded.
The endoplasm freezes you.
You are frozen.
You barely miss the endoplasm. You squeeze the endoplasm.
The endoplasm is severely wounded.
The endoplasm hits you.
You barely miss the endoplasm. You squeeze the endoplasm.
You kill the endoplasm!
Unknown command.
There is a stone staircase leading down here.
You climb downwards.
The gnoll hits you with a +0 spear! The gnoll hits you with a +0 spear.
* * * LOW HITPOINT WARNING * * *
Found 15 gold pieces.
There is a stone staircase leading up here.
The gnoll hits you with a +0 club.
* * * LOW HITPOINT WARNING * * *
The gnoll barely misses you.
You climb upwards.
There is a stone staircase leading down here.
Okay, then.
Casting: Magic Dart (safe; 2% risk of failure)
Confirm with . or Enter, or press ? or * to list all spells.
Aiming: Searing Ray (safe; 4% risk of failure)
Press: ? - help, Shift-Dir - straight line, f - gnoll
Aim: a gnoll, wielding a +0 spear (81% to hit)
The searing ray hits the gnoll!
The gnoll is severely wounded. (Press . to maintain the ray.)
The gnoll hits you with a +0 spear!
You die...

# # #
################
#
#..............#
#
#.############.#
# #g# #.### #@#
#########....
###########g#
#.........###
#...........#
#.#######....
#.###########
#.# ##### #.#
######.# ♣♣# #.#
#......# #♣♣
##.♣ #.#
#)######
♣.###.#. #.# #.#
♣....... #.# #.#
♣.......


You could see 2 gnolls.

Vanquished Creatures
  A dart slug (D:1)
  A bat (D:1)
  5 endoplasms (D:1)
  2 giant cockroaches (D:1)
  2 goblins (D:1)
  A hobgoblin (D:1)
  2 kobolds (D:1)
  2 ball pythons (D:1)
  A frilled lizard (D:1)
17 creatures vanquished.

Notes
Turn   | Place    | Note
-------+----------+-------------------------------------------
     0 | D:1      | danspanner the Octopode Conjurer began the quest for the
                  | Orb.
     0 | D:1      | Reached XP level 1. HP: 11/11 MP: 3/3
   211 | D:1      | Reached XP level 2. HP: 17/17 MP: 5/5
   257 | D:1      | Learned a level 2 spell: Searing Ray
   738 | D:2      | Found a faded altar of an unknown god.
   854 | D:1      | Slain by a gnoll

Illustrated notes

Levels and vault maps discovered:
D:1:      saegor_arrival_under_anarchy, layout_loops_ring,
          minmay_misc_feat_pillars
D:2:      layout_rooms, basic_altar, nicolae_ecumenical_pavilion

Skill      XL: |  1 |
---------------+----+-----
Stealth        | 3 |  3.3
Dodging        | |  2.3
Spellcasting   | |  2.3
Conjurations   | |  4.2

Action                     || total
---------------------------++-------
  Melee: Dagger            ||    28
         Tentacles         ||     4
         Constrict         ||     3
   Cast: Magic Dart        ||     4
         Searing Ray       ||     1
   Stab: Sleeping          ||     9
 Armour: Skin              ||     9
  Dodge: Dodged            ||    16

Table legend: (Time is in decaauts)
 A = Elapsed time spent in this place.
 B = Non-inter-level travel time spent in this place.
 C = Inter-level travel time spent in this place.
 D = Time resting spent in this place.
 E = Time spent auto-exploring this place.
 F = Levels seen in this place.
 G = Mean time per level.
                   A        B        C        D        E       F      G
               +--------+--------+--------+--------+--------+-----+--------+
         Total |    855 |    779 |     76 |      0 |    590 |   2 |  427.5 |
       Dungeon |    855 |    779 |     76 |      0 |    590 |   2 |  427.5 |
               +--------+--------+--------+--------+--------+-----+--------+

Top non-repeatable levels by time:
     D:1: 849 daAuts
     D:2: 6 daAuts
